 Dungeon Crawl Stone Soup version 0.17-a0-377-gdd46233 (webtiles) character file.

40 Ryushun the Grave Robber (level 3, 0/25 HPs)
             Began as a Formicid Necromancer on Apr 1, 2015.
             Was an Initiate of Makhleb.
             Succumbed to an adder's poison
             ... on level 2 of the Dungeon.
             The game lasted 00:11:29 (1563 turns).

Ryushun the Grave Robber (Formicid Necromancer)     Turns: 1563, Time: 00:11:29

Health: 0/25       AC:  8    Str: 13    XL:     3   Next: 72%
Magic:  1/5        EV:  6    Int: 14    God:    Makhleb [......]
Gold:   76         SH:  0    Dex: 11    Spells: 3 memorised, 1 level left

rFire  . . .     SeeInvis +     l - +0 mace
rCold  + . .     Clarity  .     f - +0 chain mail
rNeg   . . .     SustAb   .     (no shield)
rPois  .         Gourm    .     (helmet unavailable)
rElec  .         Spirit   .     (no cloak)
rCorr  .         Warding  .     (no gloves)
rMut   .         Stasis   +     (no boots)
MR     .....                    h - amulet of regeneration
Stlth  ..........               (no ring)
                                w - ring of protection from cold

@: lethally poisoned (0 -> -1), very slightly contaminated, not resistant to
hostile enchantments, extremely unstealthy
A: permanent stasis, dig shafts and tunnels, four strong arms, antennae 3
a: Dig, Shaft Self, Renounce Religion


You were on level 2 of the Dungeon.
You worshipped Makhleb.
Makhleb was noncommittal.
You were not hungry.

You visited 1 branch of the dungeon, and saw 2 of its levels.

You collected 76 gold pieces.

Inventory:

Hand weapons
 e - a +0 club
 g - a +0 club
 j - a +0 dagger
 k - a +0 short sword
 l - a +0 mace (weapon)
 m - a +0 short sword
 q - a +0 dagger
 r - a +0 club
 u - a +0 hand axe
Missiles
 o - 10 stones (quivered)
 p - 24 bolts
Armour
 a - a +0 robe
 d - a +0 ring mail
 f - a +0 chain mail (worn)
 i - a +0 robe
 s - a +0 leather armour
 v - a +0 leather armour
Jewellery
 h - an amulet of regeneration (around neck)
 w - a ring of protection from cold (left hand)
Potions
 n - a potion of agility {unknown}
 t - a potion of ambrosia {unknown}
 x - a potion of curing {unknown}
 z - a potion of invisibility {unknown}
Books
 b - a book of Necromancy

   Spells                             Type                      Level
   a - Pain                           Necromancy                   1
   b - Animate Skeleton               Necromancy                   1
   c - Vampiric Draining              Necromancy                   3
   d - Regeneration                   Charms/Necromancy            3
   e - Animate Dead                   Necromancy                   4
   f - Control Undead                 Necromancy                   4
Comestibles
 c - 2 bread rations


   Skills:
 * Level 0.9 Fighting
 * Level 1.0 Maces & Flails
 * Level 1.0 Armour
 * Level 2.0 Dodging
 * Level 2.7 Stealth
 * Level 2.3 Spellcasting
 + Level 4.3 Necromancy


You had one spell level left.
You knew the following spells:

 Your Spells              Type           Power        Failure   Level  Hunger
a - Pain                  Necr           ##..         98%         1    #......
b - Animate Skeleton      Necr           N/A          98%         1    #......
c - Vampiric Draining     Necr           ##........   100%        3    ###....


Dungeon Overview and Level Annotations

Branches:
Dungeon (2/15)

Altars:
Makhleb


Innate Abilities, Weirdness & Mutations

You are under a permanent stasis effect.
You can dig through walls and to a lower floor.
Your four strong arms can wield two-handed weapons with a shield.
You have a pair of large antennae on your head (SInv).


Message History

Confirm with . or Enter, or press ? or * to list all spells.
You miscast Animate Skeleton.
You sense a malignant aura.
* * * LOW HITPOINT WARNING * * *
You feel sick. The adder barely misses you.
The adder bites you but does no damage.
Your chain mail prevents you from hitting the adder.
The adder is moderately wounded.
* * * LOW HITPOINT WARNING * * *
You feel sick. The adder bites you but does no damage.
* * * LOW HITPOINT WARNING * * *
You feel sick. The adder barely misses you.
The adder bites you but does no damage.
* * * LOW HITPOINT WARNING * * *
You feel sick.
* * * LOW HITPOINT WARNING * * *
You feel sick.
You see here a stone.
* * * LOW HITPOINT WARNING * * *
You feel sick. The adder closely misses you.
You die...

....# ...... ...>.
.....$. # #..# .....
#.#..####.#.#
#.#.........#.#
#####.......†.....#
........(S.(#######
########.#### #@#
#.# #.# #.# ##.#
####..########
#............#
.######.####.####..#
#........##.....##


You could see an adder.

Vanquished Creatures
  A giant mite (D:1)
  2 bats (D:1)
  4 giant cockroaches
  2 goblins (D:1)
  7 hobgoblins
  6 kobolds
  2 giant newts (D:1)
  6 rats (D:1)
30 creatures vanquished.

Vanquished Creatures (collateral kills)
  2 bats (D:1)
  A rat (D:1)
3 creatures vanquished.

Vanquished Creatures (others)
  A bat skeleton (D:1)
  A hobgoblin skeleton (D:1)
  A kobold skeleton (D:1)
  2 rat skeletons (D:1)
5 creatures vanquished.

Grand Total: 38 creatures vanquished

Notes
Turn   | Place    | Note
--------------------------------------------------------------
     0 | D:1      | Ryushun, the Formicid Necromancer, began the quest for the Orb.
     0 | D:1      | Reached XP level 1. HP: 13/13 MP: 3/3
   290 | D:1      | Learned a level 1 spell: Animate Skeleton
   335 | D:1      | Reached XP level 2. HP: 17/19 MP: 1/4
   716 | D:1      | Reached XP level 3. HP: 22/25 MP: 1/5
   860 | D:1      | Reached skill level 1 in Armour
  1045 | D:1      | Reached skill level 1 in Maces & Flails
  1376 | D:1      | Learned a level 3 spell: Vampiric Draining
  1493 | D:2      | Found a burning altar of Makhleb.
  1508 | D:2      | Became a worshipper of Makhleb the Destroyer
  1562 | D:2      | HP: 1/25 [poisoned by an adder]
  1563 | D:2      | Succumbed to an adder's poison

Action                   || total
-------------------------++-------
Melee: Unarmed           ||    42
       Club              ||    14
       Mace              ||    55
 Cast: Pain              ||     7
       Animate Skeleton  ||    10
  Use: Scroll            ||     5
  Eat: Bread ration      ||     1
       Chunk             ||     1
